 Dungeon Crawl Stone Soup version 0.29-a0-344-ge2f44be95a (webtiles) character file.

Game seed: 8548909875368799048

51 dracfodder the Skirmisher (level 3, -1/34 HPs)
             Began as a Minotaur Abyssal Knight on Apr 21, 2022.
             Was a Priest of Lugonu.
             Shot with a sling bullet by a goblin (4 damage)
             ... on level 2 of the Dungeon.
             The game lasted 00:04:58 (1129 turns).

dracfodder the Skirmisher (Minotaur Abyssal Knight) Turns: 1129, Time: 00:04:59

Health: -1/34      AC:  5    Str: 19    XL:     3   Next: 58%
Magic:  3/3        EV: 10    Int:  7    God:    Lugonu [***...]
Gold:   81         SH:  0    Dex: 10    Spells: 2/2 levels left

rFire   . . .      SeeInvis .   b - +0 hunting sling
rCold   . . .      Faith    .   (no shield)
rNeg    . . .      Spirit   .   j - +0 ring mail
rPois   .          Reflect  .   (helmet restricted)
rElec   .          Harm     .   (no cloak)
rCorr   .          Rampage  .   (no gloves)
Will    .....                   (no boots)
Stlth   ..........              (no amulet)
HPRegen 0.11/turn               (no ring)
MPRegen 0.08/turn               (no ring)

@: no status effects
A: horns 2, retaliatory headbutt
a: Renounce Religion, Depart the Abyss, Bend Space, Banish


You were on level 2 of the Dungeon.
You worshipped Lugonu.
Lugonu was most pleased with you.
You visited 1 branch of the dungeon, and saw 2 of its levels.
You visited the Abyss 1 time.

You collected 81 gold pieces.

Inventory:

Hand Weapons
 a - a +1 hand axe
 b - a +0 hunting sling (weapon)
Missiles
 c - a throwing net
Armour
 j - a +0 ring mail (worn)
Scrolls
 d - a scroll of fog {unknown}
 e - a scroll of silence {unknown}
 f - a scroll of identify {unknown}
 i - a scroll of holy word {unknown}
Potions
 g - a potion of curing {unknown}
 h - a potion of haste {unknown}


   Skills:
 + Level 4.4 Fighting
 * Level 3.5 Axes
 + Level 0.1 Slings
 + Level 2.7 Armour
 + Level 1.1 Dodging
 * Level 0.9 Unarmed Combat
 + Level 1.9 Invocations


You had 2 spell levels left.
You didn't know any spells.
Your spell library was empty.

Dungeon Overview and Level Annotations

Branches:
Dungeon (2/15)

Altars:

Shops:
D:1 =


Innate Abilities, Weirdness & Mutations

You have a pair of horns on your head.
You reflexively headbutt those who attack you in melee.


Message History

The hobgoblin is almost dead.
You feel sick. The hobgoblin barely misses you. You furiously retaliate!
You headbutt the hobgoblin!
You kill the hobgoblin!
Lugonu accepts your kill.
Adjust (i)tems, (s)pells, or (a)bilities?
j - a +0 hunting sling Adjust to which letter? (? for menu, Esc to quit)
b - a +0 hunting sling;
j - a +0 ring mail (worn)
b - a +0 hunting sling (weapon)
You are too injured to fight recklessly!
You are too injured to fight recklessly!
Fire: b) +0 hunting sling
Press: ? - help, Q - select action, (/) - cycle Shift-Dir - straight line, f - goblin
Aim: a goblin, wielding a +0 dagger (45% to hit)
You shoot a sling bullet.
The sling bullet hits the goblin but does no damage.
You feel sick.
You are no longer poisoned.
The goblin shoots a sling bullet.
The sling bullet hits you.
* * * LOW HITPOINT WARNING * * *
Fire: b) +0 hunting sling
Press: ? - help, Q - select action, (/) - cycle Shift-Dir - straight line, f/p - goblin
Aim: a goblin, wielding a +0 dagger (45% to hit)
You shoot a sling bullet. The sling bullet hits the goblin.
The goblin is severely wounded.
The goblin shoots a sling bullet.
The sling bullet closely misses you.
Fire: b) +0 hunting sling
Press: ? - help, Q - select action, (/) - cycle Shift-Dir - straight line, f/p - goblin
Aim: a goblin, wielding a +0 dagger (severely wounded, 45% to hit)
You shoot a sling bullet. The sling bullet misses the goblin.
The goblin shoots a sling bullet.
The sling bullet hits you.
* * * LOW HITPOINT WARNING * * *
The goblin shoots a sling bullet.
The sling bullet hits you but does no damage.
There is a large open door here.
Things that are here:
a +4 dagger of draining; a hobgoblin corpse; an adder corpse The goblin shoots a sling bullet.
The sling bullet hits you.
You die...

.######### .........##
..........##
.###.......#
.###.....).##########
.....†..............##..
....#......#............
.##.##...#..............
.##.###.##.>####@####...
.##.# #.##..####)####
###.. ..##..#≈≈≈†≈≈≈#
#####.##..#≈≈≈≈≈≈≈# .
..##).#≈ggg...# .
......#.......#
#.......# #.......#
......!..


You could see a hobgoblin and 2 goblins.

Vanquished Creatures
  2 adders (D:2)
  4 bats
  4 endoplasms
  2 giant cockroaches (D:1)
  8 goblins
  3 hobgoblins
  A quokka (D:1)
  2 ball pythons (D:1)
  2 kobolds
  2 rats
30 creatures vanquished.

Notes
Turn   | Place    | Note
-------+----------+-------------------------------------------
     0 | Abyss:1  | dracfodder the Minotaur Abyssal Knight began the quest for
                  | the Orb.
     0 | Abyss:1  | Reached XP level 1. HP: 19/19 MP: 1/1
   130 | Abyss:1  | Noticed an oklob plant
   158 | Abyss:2  | Found an iron altar of Okawaru.
   173 | D:1      | Escaped the Abyss
   412 | D:1      | Reached XP level 2. HP: 27/27 MP: 2/2
   439 | D:1      | Reached skill level 4 in Fighting
   697 | D:1      | Found a faded altar of an unknown god.
   784 | D:1      | Found Kiwywn's Jewellery Boutique.
  1003 | D:2      | Reached *** piety under Lugonu
  1004 | D:2      | Reached XP level 3. HP: 25/33 MP: 3/3
  1129 | D:2      | Shot with a sling bullet by a goblin

Illustrated notes

Levels and vault maps discovered:
D:1:      lemuel_arrival_hallway, layout_basic, serial_shops,
          nicolae_shop_behind_doors, hellmonk_ecumenical_altar_inner_sanctum,
          minmay_misc_feat_x, moated_statue
D:2:      layout_loops_ring, minmay_goblin_outpost

Skill      XL: |  1  2 |
---------------+-------+-----
Axes           | 3 |  3.5
Fighting       | 4 |  4.4
Slings         | |  0.1
Armour         | |  2.7
Dodging        | |  1.1
Unarmed Combat | |  0.9
Invocations    | |  1.9

Action                   || total
-------------------------++-------
Melee: Hand axe          ||    47
       Headbutt          ||     6
 Fire: Hunting sling     ||    21
Armor: Ring mail         ||    26
Dodge: Dodged            ||    35

Table legend: (Time is in decaauts)
 A = Elapsed time spent in this place.
 B = Non-inter-level travel time spent in this place.
 C = Inter-level travel time spent in this place.
 D = Time resting spent in this place.
 E = Time spent auto-exploring this place.
 F = Levels seen in this place.
 G = Mean time per level.
                   A        B        C        D        E       F      G
               +--------+--------+--------+--------+--------+-----+--------+
         Total |   1145 |   1130 |     15 |      0 |    881 |   4 |  286.2 |
       Dungeon |    973 |    958 |     15 |      0 |    755 |   2 |  486.5 |
         Abyss |    172 |    172 |      0 |      0 |    126 |   2 |   86.0 |
               +--------+--------+--------+--------+--------+-----+--------+

Top non-repeatable levels by time:
     D:1: 730 daAuts
     D:2: 242 daAuts
 Abyss:1: 153 daAuts
 Abyss:2: 19 daAuts
